 Dungeon Crawl Stone Soup version 0.29-a0-22-gbf593b16ee (webtiles) character file.

Game seed: 369742100092893706

488 porpoise the Magician (level 7, -5/53 HPs)
             Began as a Djinni Conjurer on Jan 30, 2022.
             Slain by Edmund (12 damage)
             ... on level 4 of the Dungeon.
             The game lasted 00:14:54 (5373 turns).

porpoise the Magician (Djinni Conjurer)             Turns: 5373, Time: 00:14:55

Health: -5/53      AC:  2    Str:  8    XL:     7   Next: 36%
Gold:   180        EV: 12    Int: 20    God:
                   SH:  0    Dex: 11

rFire   + + .      SeeInvis .   b - +0 hunting sling
rCold   x . .      Faith    .   (no shield)
rNeg    . . .      Spirit   .   j - +0 robe
rPois   ∞          Reflect  .   (no helmet)
rElec   .          Harm     .   (no cloak)
rCorr   .          Rampage  .   (no gloves)
Will    +....                   (boots unavailable)
Stlth   ++........              (no amulet)
HPRegen 0.17/turn               e - +4 ring of slaying
MPRegen 0.00/turn               u - ring of willpower

@: flying
A: sickness immunity, fire resistance 2, cold vulnerability 1, float, innate
caster, HP casting, extra vitality 1
a: no special abilities


You were on level 4 of the Dungeon.
You visited 1 branch of the dungeon, and saw 4 of its levels.
You also visited: Sewer.

You collected 180 gold pieces.

Inventory:

Hand Weapons
 a - a +0 rapier
 b - a +0 hunting sling (weapon)
Missiles
 c - 63 stones (quivered ammo)
 d - 49 bolts
 i - 2 curare-tipped darts
 l - 10 poisoned darts
 m - 22 arrows
Armour
 j - a +0 robe (worn)
Magical Staves
 f - a staff of death
Jewellery
 e - a +4 ring of slaying (left hand)
 h - a ring of resist corrosion
 u - a ring of willpower (right hand)
Wands
 r - a wand of acid (4)
Scrolls
 s - a scroll of noise {unknown}
 v - a scroll of fear {unknown}
 w - a scroll of brand weapon {unknown}
Potions
 g - 2 potions of mutation
 k - a potion of invisibility
 n - 2 potions of haste
 o - 2 potions of might
 p - a potion of brilliance {unknown}
 q - a potion of cancellation {unknown}
 t - a potion of curing {unknown}


   Skills:
 * Level 4.3 Fighting
 - Level 2.1 Dodging
 + Level 3.2 Stealth
 * Level 4.8 Spellcasting


You couldn't memorise any spells.
You knew the following spells:

 Your Spells              Type           Power      Damage    Failure   Level
a - Magic Dart            Conj           96%        1d7       1%          1
b - Searing Ray           Conj           48%        2d6       2%          2
c - Fulminant Prism       Conj/Hex       12%        3d9       16%         4
d - Iskenderun's Mystic   Conj/Tloc      24%        2d7       16%         4
i - Call Imp              Summ           24%        N/A       2%          2
m - Summon Small Mammal   Summ           96%        N/A       1%          1
w - Swiftness             Air            24%        N/A       4%          3
z - Dazzling Flash        Conj/Hex       48%        N/A       4%          3
Your spell library was empty.

Dungeon Overview and Level Annotations

Branches:
Dungeon (4/15)              Sewer (visited)
 Temple: D:4-7

Altars:

Shops:
D:4 :

Annotations:
D:4 Edmund


Innate Abilities, Weirdness & Mutations

You are immune to sickness and miasma.
You are immune to poison.
Your flesh is very heat resistant. (rF++)
You are vulnerable to cold. (rC-)
You float through the air rather than walking.
You learn spells naturally, not from books.
Your magical power is your life essence.
You have superior vitality. (+4 MHP)


Message History

Edmund is heavily wounded. (Press . to maintain the ray.) Edmund mutters, "Who needs spells, anyway?"
Edmund misses you.
The searing ray hits Edmund but does no damage.
Edmund is heavily wounded.
Edmund barely misses you.
The searing ray hits Edmund.
Edmund is heavily wounded.
Edmund barely misses you.
The searing ray hits Edmund!
Edmund is severely wounded.
You finish channelling your searing ray.
Edmund hits you with a +0 flail of protection!
Casting: Searing Ray (safe; 2% risk of failure)
Confirm with . or Enter, or press ? or * to list all spells.
The spell is quite dangerous to miscast (16% risk of failure)!
Continue anyway?
Okay, then.
Casting: Fulminant Prism (quite dangerous; 16% risk of failure)
Confirm with . or Enter, or press ? or * to list all spells.
Aiming: Searing Ray (safe; 2% risk of failure)
Press: ? - help, Shift-Dir - straight line The searing ray hits Edmund!
Edmund is almost dead. (Press . to maintain the ray.) Edmund hits you with a +0 flail of protection.
Unknown command.
The searing ray hits Edmund but does no damage.
Edmund is almost dead.
Edmund hits you with a +0 flail of protection.
* * * LOW HITPOINT WARNING * * *
The searing ray misses Edmund.
* * * LOW HITPOINT WARNING * * *
Edmund hits you with a +0 flail of protection.
* * * LOW HITPOINT WARNING * * *
The searing ray misses Edmund.
* * * LOW HITPOINT WARNING * * *
You finish channelling your searing ray.
Edmund hits you with a +0 flail of protection!
You die...

########.#
##### . #.#
....# #...#
# #.# ....
#...# #.#
.((# #...#
#.# ..#
#...# #.#
.(# #...#
###.#####
#(#
##...####
#.......#
#@#
#........
#.......#
#@#
#....####
#.......#
#†# #....#
###.#####
#.#
####.#.#####
#.# #.#
#..#..≈≈.≈≈#
#.# #.#
#..#.≈≈≈†≈≈≈
########.#
#.#
#..#.≈≈≈.≈≈≈
.......#.#
#)#
#..#....∩...
######.#.#
#.#
#..#.≈≈≈.≈≈≈
#.#.# #.#
#..#.≈≈≈.≈≈≈


You could see Edmund.

Vanquished Creatures
  A phantom (D:4)
  2 kobold brigands (Sewer)
  Blork the orc (D:4)
  A hound (D:4)
  Ijyb (D:4)
  2 iguanas (D:4)
  An adder (D:4)
  A river rat (D:3)
  An adder skeleton (D:4)
  2 worms
  A dart slug (D:1)
  2 orcs
  7 bats
  An endoplasm (D:1)
  5 giant cockroaches
  4 goblins
  5 hobgoblins
  4 jackals (D:4)
  4 quokkas
  14 ball pythons
  4 frilled lizards
  11 kobolds
  4 rats
79 creatures vanquished.

Vanquished Creatures (others)
  2 fulminant prisms (D:4)
  3 plants (Sewer)
5 creatures vanquished.

Grand Total: 84 creatures vanquished

Notes
Turn   | Place    | Note
-------+----------+-------------------------------------------
     0 | D:1      | porpoise the Djinni Conjurer began the quest for the Orb.
     0 | D:1      | Reached XP level 1. HP: 15/15 MP: 0/0
   397 | D:1      | Reached XP level 2. HP: 18/22 MP: 0/0
   599 | D:1      | Reached skill level 1 in Fighting
   999 | D:1      | Found a faded altar of an unknown god.
  1658 | D:2      | Reached XP level 3. HP: 27/27 MP: 0/0
  1658 | D:2      | Learned a level 1 spell: Summon Small Mammal
  2769 | D:3      | Reached XP level 4. HP: 16/33 MP: 0/0
  2806 | D:3      | Found a glowing drain.
  2858 | Sewer    | Entered a sewer
  3138 | Sewer    | Noticed a kobold brigand
  3146 | Sewer    | Killed a kobold brigand
  3147 | Sewer    | Reached XP level 5. HP: 10/39 MP: 0/0
  3147 | Sewer    | Learned a level 2 spell: Call Imp
  3572 | Sewer    | Noticed a kobold brigand
  3579 | Sewer    | Killed a kobold brigand
  3580 | Sewer    | Reached XP level 6. HP: 27/46 MP: 0/0
  4347 | D:4      | Noticed Ijyb
  4353 | D:4      | Killed Ijyb
  4834 | D:4      | Noticed Blork the orc
  4837 | D:4      | Killed Blork the orc
  5031 | D:4      | Reached XP level 7. HP: 27/52 MP: 0/0
  5031 | D:4      | Learned a level 3 spell: Swiftness
  5190 | D:4      | Found Suesao Wuyff's Self-Improvement Boutique.
  5358 | D:4      | Noticed Edmund
  5373 | D:4      | Slain by Edmund

Illustrated notes

Levels and vault maps discovered:
D:1:      tarquinn_simple_flora_water_f, layout_basic,
          ebering_ecumenical_altar_webs, minmay_pentomino_v2
D:2:      layout_loops_corners, kennysheep_small_spiral
D:3:      layout_loops_ring, gup_sewer_entry_bowl
D:4:      layout_basic, mainiacjoe_overflow_catwalk, nicolae_shop_self_help,
          uniq_ijyb, uniq_blork_the_orc, uniq_edmund

Skill      XL: |  1  2  3  4  5  6 |
---------------+-------------------+-----
Fighting       | 1 2 3 4 |  4.3
Stealth        | 2 3 |  3.2
Spellcasting   | 4 |  4.8
Dodging        | |  2.1

Action                   |  1- 3 |  4- 6 |  7- 9 || total
-------------------------+-------+-------+-------++-------
Melee: Hunting sling     |       |     2 |       ||     2
 Fire: Hunting sling     |     7 |     7 |     6 ||    20
 Cast: Magic Dart        |    59 |    14 |     3 ||    76
       Searing Ray       |     8 |    22 |     5 ||    35
       Summon Small Mamm |       |     1 |       ||     1
       Fulminant Prism   |       |     1 |     1 ||     2
  Use: Scroll            |     5 |     3 |       ||     8
Armor: Robe              |       |     4 |       ||     4
Dodge: Dodged            |     5 |    11 |     5 ||    21

Table legend: (Time is in decaauts)
 A = Elapsed time spent in this place.
 B = Non-inter-level travel time spent in this place.
 C = Inter-level travel time spent in this place.
 D = Time resting spent in this place.
 E = Time spent auto-exploring this place.
 F = Levels seen in this place.
 G = Mean time per level.
                   A        B        C        D        E       F      G
               +--------+--------+--------+--------+--------+-----+--------+
         Total |   5375 |   5313 |     62 |   2051 |   2386 |   5 | 1075.0 |
       Dungeon |   4344 |   4282 |     62 |   1365 |   2386 |   4 | 1086.0 |
         Sewer |   1030 |   1030 |      0 |    686 |      0 |   1 | 1030.0 |
               +--------+--------+--------+--------+--------+-----+--------+

Top non-repeatable levels by time:
     D:1: 1239 daAuts
     D:2: 1209 daAuts
     D:4: 1038 daAuts
   Sewer: 1030 daAuts
     D:3: 856 daAuts
